 Dungeon Crawl Stone Soup version 0.20-a0-1018-ge435b50 (webtiles) character file.

124 Chaoticas the Changer (level 4, 0/35 HPs)
             Began as a Draconian Transmuter on Apr 17, 2017.
             Slain by a gnoll
             ... wielding a +0 spear
              (6 damage)
             ... on level 2 of the Dungeon.
             The game lasted 00:12:01 (2944 turns).

Chaoticas the Changer (Draconian Transmuter)        Turns: 2944, Time: 00:12:01

Health: 0/35       AC:  5    Str: 12    XL:     4   Next: 81%
Magic:  5/7        EV: 12    Int: 14    God:
Gold:   72         SH:  0    Dex: 12    Spells: 1/7 levels left

rFire    + . .     SeeInvis .     - Unarmed
rCold    + . .     Gourm    .   (no shield)
rNeg     . . .     Faith    .   (armour unavailable)
rPois    .         Spirit   .   (helmet restricted)
rElec    .         Reflect  .   n - scarf {rC+}
rCorr    .         Harm     .   (no gloves)
MR       .....                  (no boots)
Stlth    +.........             h - amulet of regeneration
Regen    0.6/turn               f - ring of protection from fire
MPRegen  0.1/turn               (no ring)

@: no status effects
A: unfitting armour, cold-blooded, AC +5
a: no special abilities


You were on level 2 of the Dungeon.
You were not hungry.

You visited 1 branch of the dungeon, and saw 3 of its levels.

You collected 72 gold pieces.

Inventory:

Missiles
 a - 8 arrows
 g - 4 tomahawks (quivered)
Armour
 n - a scarf of cold resistance (worn)
Magical Staves
 i - an uncursed staff of conjuration {unknown}
Jewellery
 f - a ring of protection from fire (left hand)
 h - an amulet of regeneration (around neck)
Scrolls
 e - a scroll of magic mapping
 o - a scroll of remove curse
 q - a scroll of noise {unknown}
Potions
 l - a potion of lignification {unknown}
 p - a potion of agility {unknown}
 r - a potion of heal wounds {unknown}
Books
 b - a book of Changes

   Spells                             Type                      Level
   a - Beastly Appendage              Transmutation                1
   b - Sticks to Snakes               Transmutation                2
   c - Spider Form                    Transmutation/Poison         3
   d - Ice Form                       Ice/Transmutation            4
   e - Blade Hands                    Transmutation                5
Comestibles
 c - a bread ration
 j - a chunk of flesh
 k - a meat ration
 m - a royal jelly


   Skills:
 - Level 1.1 Fighting
 - Level 1.7 Dodging
 - Level 3.0 Unarmed Combat
 - Level 2.0 Spellcasting
 * Level 4.6 Transmutations
 * Level 1.8 Poison Magic


You had one spell level left.
You knew the following spells:

 Your Spells              Type           Power        Failure   Level  Hunger
a - Beastly Appendage     Tmut           ##....       3%          1    ##.....
b - Sticks to Snakes      Tmut           ##......     6%          2    ###....
c - Spider Form           Tmut/Pois      ##........   21%         3    ####...


Dungeon Overview and Level Annotations

Branches:
Dungeon (3/15)

Altars:
Elyvilon
Sif Muna

Annotations:
D:2 Terence


Innate Abilities, Weirdness & Mutations

Your plain brown scales are hard. (AC +5)
You cannot fit into any form of body armour.
You are cold-blooded and may be slowed by cold attacks.


Message History

You open the door. 2 gnolls come into view.
The gnoll shouts!
The gnoll hits you from afar with a spear.
Found a stone staircase leading down.
The gnoll hits you with a flail! The gnoll barely misses you.
There is an open door, spattered with blood here.
You barely miss the gnoll. You tail-slap the gnoll.
The gnoll is heavily wounded.
The gnoll hits you but does no damage. The gnoll hits you with a flail!
You completely miss the gnoll.
The gnoll is heavily wounded.
The gnoll closely misses you. x2
The gnoll hits you from afar with a spear!
* * * LOW HITPOINT WARNING * * *
Casting: Beastly Appendage
Confirm with . or Enter, or press ? or * to list all spells.
You create a snake!
You now have 8 arrows.
The gnoll hits you from afar with a spear.
You die...

# *,,..........,,* #
***#.......8...# ##
#..[...8.8..# .#
#.....8._.8.# .##
#......8.8..# ..#
#.......8...# #.#
#####...[.......#
#.###...#........#..#####*
....'...........@gg.>....*
#..##...#.....S..#######.*
##.##...#........# *,*,*
#.##...###+###### *,,,*
##..#...#**,***** *,***
....'...+,,,,,,,* *,*
###'#...###+***+*** *,******
...........,,,,,,,* *,,,,,,*
.....###...,,,,,,,*********,*


You could see 2 gnolls and a friendly adder.

Vanquished Creatures
  2 gnolls
  4 adders
  2 oozes (D:1)
  A dart slug (D:1)
  6 leopard geckos
  6 goblins
  4 hobgoblins
  4 jackals (D:1)
  11 bats
  5 frilled lizards
  5 kobolds
  2 rats (D:2)
52 creatures vanquished.

Notes
Turn   | Place    | Note
-------+----------+-------------------------------------------
     0 | D:1      | Chaoticas the Draconian Transmuter began the quest for the Orb.
     0 | D:1      | Reached XP level 1. HP: 16/16 MP: 3/3
    51 | D:1      | Reached XP level 2. HP: 15/23 MP: 5/5
   322 | D:1      | Learned a level 2 spell: Sticks to Snakes
   336 | D:1      | Reached skill level 3 in Transmutations
   823 | D:1      | Reached XP level 3. HP: 27/28 MP: 6/6
  1362 | D:1      | Reached skill level 4 in Transmutations
  1566 | D:1      | Learned a level 3 spell: Spider Form
  1840 | D:2      | Found a deep blue altar of Sif Muna.
  1864 | D:2      | Reached XP level 4. HP: 31/35 MP: 7/7
  2040 | D:2      | Reached skill level 1 in Poison Magic
  2090 | D:2      | Noticed Terence
  2171 | D:2      | Found a white marble altar of Elyvilon.
  2347 | D:2      | Found a faded altar of an unknown god.
  2874 | D:3      | Noticed an ogre
  2944 | D:2      | Slain by a gnoll

Vault maps used:
D:1:      dpeg_arrival_lava_altar, serial_bayou, serial_bayou_shore_a,
          serial_bayou_pond_d, serial_bayou_lake_a, serial_bayou_ford_a,
          hex_intersection, minmay_stone_trees_small, minmay_fountain_box
D:2:      lemuel_round_altar, lemuel_crystal_altar,
          chequers_ecumenical_altar_simple_redux, uniq_terence
D:3:      old_standard_altar, first_bread

Skill      XL: |  1  2  3  4 |
---------------+-------------+-----
Transmutations | 3 4 |  4.6
Poison Magic   | 1 |  1.8
Fighting       | |  1.1
Dodging        | |  1.7
Unarmed Combat | |  3.0
Spellcasting   | |  2.0

Action                   |  1- 3 |  4- 6 || total
-------------------------+-------+-------++-------
Melee: Unarmed           |   187 |    70 ||   257
       Tailslap          |    15 |     6 ||    21
       Punch             |     2 |     2 ||     4
       Headbutt          |     3 |     2 ||     5
       Kick              |     1 |     1 ||     2
 Cast: Beastly Appendage |     5 |     3 ||     8
       Sticks to Snakes  |       |     4 ||     4
  Use: Scroll            |     2 |     4 ||     6
  Eat: Chunk             |     2 |     5 ||     7
Armor: Skin              |    60 |    32 ||    92
Dodge: Dodged            |   133 |    69 ||   202
